 Dungeon Crawl Stone Soup version 0.25.0-15-gac7dcb8919 (webtiles) character file.

Game seed: 11230356858855569489

3206 Viridis the Skirmisher (level 9, 0/79 HPs)
             Began as a Centaur Fighter on June 26, 2020.
             Was a Believer of Dithmenos.
             Slain by an orc warrior
             ... wielding a +0 trident
              (9 damage)
             ... on level 8 of the Dungeon on June 28, 2020.
             The game lasted 02:33:45 (14016 turns).

Viridis the Skirmisher (Centaur Fighter)           Turns: 14016, Time: 02:33:46

Health: 0/79       AC: 11    Str: 27    XL:     9   Next: 65%
Magic:  10/10      EV:  7    Int:  7    God:    Dithmenos [**....]
Gold:   87         SH:  6    Dex: 10    Spells: 4/9 levels left

rFire    . . .     SeeInvis .   I - +3 hand axe
rCold    . . .     Gourm    .   T - +2 buckler {rN+}
rNeg     + . .     Faith    .   o - +0 chain mail (curse)
rPois    .         Spirit   .   (no helmet)
rElec    .         Reflect  .   L - +0 cloak
rCorr    .         Harm     .   W - +0 pair of gloves
MR       .....                  (no barding)
Stlth    ..........             (no amulet)
HPRegen  0.23/turn              S - +6 ring of strength
MPRegen  0.12/turn              r - ring of wizardry

@: wreathed by umbra, very quick
A: large, hooves 3, deformed body, speed 2, tough skin 3
a: Shadow Step, Renounce Religion


You were on level 8 of the Dungeon.
You worshipped Dithmenos.
Dithmenos was pleased with you.
You were not hungry.

You visited 2 branches of the dungeon, and saw 9 of its levels.

You collected 319 gold pieces.
You spent 232 gold pieces at shops.

Inventory:

Hand Weapons
 a - a +2 war axe
 g - a +0 dagger of venom
 h - a +0 whip of venom
 j - a +1 dagger of chaos
 I - a +3 hand axe (weapon)
 N - a +0 dagger
 O - a +2 short sword of electrocution
Missiles
 d - 16 bolts
 l - 47 arrows
 p - 40 sling bullets
 q - 9 poisoned darts (quivered)
 z - 198 stones
Armour
 b - a +0 scale mail
 c - a +2 kite shield
 m - a +0 robe
 n - a +0 chain mail
 o - a cursed +0 chain mail (worn)
 s - a +0 ring mail
 w - a cursed -2 scale mail
 L - a +0 cloak (worn)
 R - the +5 ring mail "Ceff" {rPois rC+, unknown}
   (You found it on level 4 of the Dungeon)

   It protects you from cold.
   It protects you from poison.
 T - a +2 buckler of positive energy (worn)
 W - a +0 pair of gloves (worn)
Jewellery
 r - a ring of wizardry (right hand)
 C - an uncursed ring of magical power
 S - a +6 ring of strength (left hand)
 Y - an uncursed amulet of reflection {unknown}
Wands
 e - a wand of random effects (14)
 K - a wand of digging (2)
Scrolls
 k - a scroll of identify
 t - a scroll of vulnerability
 G - 2 scrolls of teleportation
Potions
 i - a potion of might
 x - 2 potions of invisibility
 D - a potion of magic
 E - a potion of lignification
 P - 3 potions of haste {unknown}
 Q - a potion of flight {unknown}
 U - a potion of mutation {unknown}
 X - a potion of curing {unknown}
Comestibles
 f - 2 rations


   Skills:
 * Level 7.0 Fighting
 + Level 5.5 Short Blades
 + Level 3.6 Axes
 + Level 4.6 Throwing
 + Level 5.6 Armour
 + Level 1.4 Dodging
 + Level 0.2 Stealth
 + Level 3.8 Shields
 + Level 0.7 Spellcasting
 + Level 0.8 Summonings


You had 4 spell levels left.
You knew the following spells:

 Your Spells              Type           Power        Failure   Level  Hunger
a - Animate Skeleton      Necr           N/A          65%         1    ##.....
b - Corona                Hex            #......      65%         1    ##.....
c - Magic Dart            Conj           #...         65%         1    ##.....
d - Summon Small Mammal   Summ           #...         52%         1    ##.....
e - Apportation           Tloc           #.....       65%         1    ##.....

Your spell library contained the following spells:

 Spells                   Type           Power        Failure   Level  Hunger
 Call Imp                 Summ           #.......     65%         2    ###....
 Blink                    Tloc           N/A          77%         2    ###....
 Slow                     Hex            #.......     77%         2    ###....
 Conjure Flame            Conj/Fire      #.......     93%         3    ####...
 Mephitic Cloud           Conj/Pois/Air  #.......     93%         3    ####...


Dungeon Overview and Level Annotations

Branches:
Dungeon (8/15)             Temple (1/1) D:5
   Lair: D:8-11

Altars:
Ashenzari
Cheibriados
Dithmenos
Elyvilon
Fedhas
Gozag
Hepliaklqana
Kikubaaqudgha
Makhleb
Nemelex Xobeh
Okawaru
Qazlal
Ru
Sif Muna
Trog
Vehumet
Xom
Yredelemnul
Zin
The Shining One

Shops:
D:6 *

Annotations:
D:1 D1 first level - finished
D:2 D2 second level finished
D:3 D3 third level
D:4 D4 fourth level
D:6 D6 sixth level | shop SW
D:7 D7 seventh level


Innate Abilities, Weirdness & Mutations

You have hooves in place of feet.
Armour fits poorly on your strangely shaped body.
You cover ground very quickly.
You have extremely tough skin. (AC +3)


Message History

The orc warrior hits you with a +0 trident.
The orc priest casts a cantrip, but nothing happens.
Your chain mail prevents you from hitting the orc priest.
Your kick misses the orc priest.
The orc priest is almost dead.
You hit the orc warrior but do no damage.
The orc warrior hits you but does no damage.
You block the orc priest's attack.
The orc warrior hits you with a +0 trident.
You hit the orc priest.
You kill the orc priest!
Dithmenos accepts your kill.
You hit the orc warrior but do no damage.
The orc warrior hits you with a +0 trident!!
You see here a +0 robe.
The orc warrior hits you from afar with a +0 trident!
* * * LOW HITPOINT WARNING * * *
There is a stone staircase leading up, spattered with blood here.
The orc warrior hits you from afar with a +0 trident!
You die...

#.(...#
#...########
#..(.......
#.(########
#.(# #(.#
####).#
#.[o).#
#@###.......
#.# ########
#.# #.# #.#
#.# #.# .$.


You could see an orc warrior.

Vanquished Creatures
  Harold (D:7)
  Pikel (D:6)
  Maggie (D:8)
  Psyche (D:8)
  Menkaure (D:5)
  A phantom (D:7)
  3 slaves (D:6)
  2 ogres
  A wolf (D:8)
  A scorpion (D:6)
  3 crimson imps
  A centaur zombie (D:7)
  3 hounds
  4 orc priests
  8 orc wizards
  A centaur skeleton (D:8)
  An iguana (D:6)
  A worker ant (D:6)
  A hound skeleton (D:5)
  A worker ant zombie (D:5)
  2 gnolls (D:6)
  10 adders
  A shadow imp (D:3)
  2 oozes
  A worm (D:4)
  3 dart slugs
  3 leopard geckos
  32 orcs
  2 ball pythons
  4 giant cockroaches
  10 goblins
  18 hobgoblins
  8 jackals
  2 quokkas (D:4)
  11 bats
  6 frilled lizards
  A jackal skeleton (D:5)
  13 kobolds
  A leopard gecko zombie (D:6)
  6 rats
173 creatures vanquished.

Vanquished Creatures (others)
  An orc wizard (D:6)
  An orc (D:6)
  A kobold (D:6)
3 creatures vanquished.

Grand Total: 176 creatures vanquished

Notes
Turn   | Place    | Note
-------+----------+-------------------------------------------
     0 | D:1      | Viridis the Centaur Fighter began the quest for the Orb.
     0 | D:1      | Reached XP level 1. HP: 19/19 MP: 1/1
   302 | D:1      | Reached XP level 2. HP: 24/26 MP: 2/2
   925 | D:1      | Reached XP level 3. HP: 31/31 MP: 3/3
  1909 | D:2      | Reached XP level 4. HP: 38/38 MP: 4/4
  2408 | D:1      | You fall into a shaft and drop 1 floor!
  2462 | D:3      | Noticed an ogre
  2573 | D:2      | Killed an ogre
  2573 | D:2      | Reached skill level 1 in Throwing
  2573 | D:2      | Reached XP level 5. HP: 10/45 MP: 5/5
  3716 | D:3      | You fall into a shaft and drop 2 floors!
  3716 | D:5      | Entered Level 5 of the Dungeon
  3742 | D:5      | Noticed Menkaure
  3755 | D:5      | Reached skill level 1 in Short Blades
  3864 | D:5      | Reached XP level 6. HP: 52/52 MP: 6/6
  3983 | D:5      | Found a shadowy altar of Dithmenos.
  4007 | D:5      | Became a worshipper of Dithmenos the Shadowed
  4205 | D:4      | Found a blossoming altar of Fedhas.
  5507 | D:4      | Reached skill level 4 in Fighting
  6111 | D:4      | Reached XP level 7. HP: 32/59 MP: 7/7
  6594 | D:4      | Got a heavily runed ring mail
  6687 | D:4      | Reached * piety under Dithmenos
  7328 | D:5      | Found a staircase to the Ecumenical Temple.
  7337 | Temple   | Entered the Ecumenical Temple
  8372 | D:3      | Upgraded the game from 0.25.0-11-g1f837a76a1 to
                  | 0.25.0-15-gac7dcb8919
  9348 | D:5      | Killed Menkaure
  9604 | D:6      | Reached skill level 5 in Fighting
 10380 | D:6      | Found a white marble altar of Elyvilon.
 10779 | D:6      | Noticed Pikel
 10810 | D:6      | Killed Pikel
 10810 | D:6      | Reached XP level 8. HP: 70/70 MP: 8/8
 11314 | D:6      | Found Wafeqate's Assorted Antiques.
 11325 | D:6      | Bought a scroll of enchant armour for 232 gold pieces
 11431 | D:6      | Found a glowing golden altar of the Shining One.
 11552 | D:7      | Noticed Harold
 11574 | D:7      | Killed Harold
 11574 | D:7      | Reached skill level 6 in Fighting
 11574 | D:7      | Reached skill level 5 in Short Blades
 11574 | D:7      | Reached skill level 5 in Armour
 11574 | D:7      | Reached skill level 1 in Dodging
 11574 | D:7      | Reached XP level 9. HP: 23/75 MP: 9/9
 11601 | D:7      | Reached ** piety under Dithmenos
 12501 | D:7      | Found a sacrificial altar of Ru.
 12583 | D:7      | Learned a level 1 spell: Animate Skeleton
 12585 | D:7      | Learned a level 1 spell: Corona
 12587 | D:7      | Learned a level 1 spell: Magic Dart
 12589 | D:7      | Learned a level 1 spell: Summon Small Mammal
 12591 | D:7      | Learned a level 1 spell: Apportation
 13090 | D:8      | Noticed Psyche
 13109 | D:8      | Killed Psyche
 13329 | D:8      | Noticed Maggie
 13517 | D:8      | Killed Maggie
 13517 | D:8      | Reached skill level 7 in Fighting
 14016 | D:8      | Slain by an orc warrior

Illustrated notes

Levels and vault maps discovered:
D:1:      dpeg_arrival_arbitrary_b, layout_loops_ring
D:2:      layout_rooms, corexii_leaking_fountain
D:3:      layout_rooms, guppyfry_early_orc_mine
D:4:      layout_basic, nicolae_overflow_hidden_temple, first_ration,
          minmay_manual_monolith
D:5:      layout_layer_cave, nicolae_dithmenos_the_darkroom,
          minmay_temple_entry_trees, uniq_menkaure
D:6:      corexii_shantytown, layout_basic, lemuel_crystal_altar,
          tso_oasis_becter, serial_shops, nicolae_shop_overgrown_old_shop,
          minmay_strange_pillars, uniq_pikel
D:7:      layout_basic, nicolae_ru_path_of_blood, uniq_harold
D:8:      layout_loops_ring, kennysheep_mini_moat, uniq_psyche, uniq_maggie,
          uniq_grum
Temple:   regret_index_temple_waves

Skill      XL: |  1  2  3  4  5  6  7  8  9 |
---------------+----------------------------+-----
Axes           | 2 3 |  3.6
Throwing       | 1 2 3 4 |  4.6
Armour         | 3 4 5 |  5.6
Short Blades   | 1 2 3 5 |  5.5
Fighting       | 4 5 6 7 |  7.0
Shields        | 3 |  3.8
Dodging        | 1 |  1.4
Stealth        | |  0.2
Spellcasting   | |  0.7
Summonings     | |  0.8

Action                   |  1- 3 |  4- 6 |  7- 9 || total
-------------------------+-------+-------+-------++-------
Melee: War axe           |   106 |    47 |       ||   153
       Kick              |    15 |    27 |    84 ||   126
       Short sword       |       |    87 |   211 ||   298
       Hand axe          |       |       |    54 ||    54
Throw: Stone             |    25 |   133 |    39 ||   197
       Dart              |       |       |    20 ||    20
       Throwing net      |       |       |     2 ||     2
 Cast: Summon Small Mamm |       |       |     2 ||     2
  Use: Scroll            |     4 |     3 |     7 ||    14
       Potion            |       |     6 |       ||     6
  Eat: Chunk             |     2 |     2 |     4 ||     8
       Ration            |       |     3 |     5 ||     8
Armor: Scale mail        |     5 |       |       ||     5
       Ring mail         |    14 |       |       ||    14
       Chain mail        |    44 |    69 |    82 ||   195
Dodge: Dodged            |    11 |    22 |    46 ||    79
Block: Kite shield       |    53 |    52 |    12 ||   117
       Buckler           |       |       |    43 ||    43
